[Event "SPICE Cup 2014"]
[Site "St. Louis"]
[Date "2014.10.21"]
[Round "1"]
[White "Bora, Safal"]
[Black "Robson, Ray"]
[Result "0-1"]
[ECO "A06"]
[WhiteElo "2328"]
[BlackElo "2628"]
[PlyCount "80"]
[EventDate "2014.??.??"]
[EventCountry "USA"]
[TimeControl "5400+30"]
[WhiteClock "0:04:41"]
[BlackClock "0:13:17"]

1. Nf3 d5 2. g3 c6 3. Bg2 Bg4 4. O-O e6 5. d4 Bd6 6. Nbd2 Nd7 7. e4 Ne7 8. c3 O-O 9. h3 Bh5 10. Qb3 a5 11. c4 a4 12. Qe3 Re8 13. cxd5 cxd5 14. e5 Bb4 15. Nh4 Nc6 16. a3 Be7 17. Ndf3 Na5 18. g4 Bg6 19. Nxg6 fxg6 20. Rb1 Nb6 21. Bd2 Nb3 22. Bc3 Nc4 23. Qd3 Qb6 24. Ne1 Rf8 25.
Nc2 Rf4 26. Ne3 Nxd4 27. Nxd5 exd5 28. Bxd5+ Kh8 29. Bxc4 Rd8 30.
Bxd4 Rdxd4 31. Qe3 Rfe4 32. Qf3 Rxc4 33. Qf7 Qc6 34. Rfd1 Rxg4+ 35. hxg4 Rxg4+ 36. Kf1 Qb5+ 37. Ke1 Re4+ 38. Kd2 Re2+ 39. Kc3 Qc5+ 40. Qc4 Rc2+ 0-1

[Event "SPICE Cup 2014"]
[Site "St. Louis"]
[Date "2014.10.21"]
[Round "1"]
[White "Durabalyi, Vasif"]
[Black "Young, Angelo"]
[Result "1-0"]
[ECO "B00"]
[WhiteElo "2624"]
[BlackElo "2315"]
[PlyCount "89"]
[EventDate "2014.??.??"]
[EventCountry "USA"]
[TimeControl "5400+30"]
[WhiteClock "1:07:31"]
[BlackClock "0:01:13"]

1. e4 d6 2. d4 c6 3. Nc3 b5 4. Nf3 Bg4 5. h3 Bxf3 6. Qxf3 b4 7. Ne2 e6 8. d5 cxd5 9. exd5 e5 10. Ng3 Qa5 11. Bd2 Nf6 12. a3 Nbd7 13. Bxb4 Qxd5 14. Nf5 Qxf3 15. gxf3 d5 16. Nd6+ Bxd6 17. Bxd6 Rc8 18. O-O-O Rc6 19. Bb4 a6 20. Rg1 g6 21. f4 exf4 22. Bg2 Kd8 23. Bxd5 Nxd5 24. Rxd5 Kc8 25. Re1 f5 26. Rd4 Nf6 27. Rxf4 Rd8 28. f3 Rd7 29. Bc3 Nd5 30.
Re8+ Kc7 31. Ba5+ Kb7 32. Rd4 Rcd6 33. b3 g5 34. Re5 f4 35.
Rxg5 Ne3 36. Rxd6 Rxd6 37. Rg7+ Kc6 38. Rf7 Rd1+ 39.
Kb2 Kb5 40. Bb4 a5 41. c4+ Ka6 42. Bc5 Rd2+ 43. Kc3 Rc2+ 44. Kd3 Rb2 45. Ra7# 1-0

[Event "SPICE Cup 2014"]
[Site "St. Louis"]
[Date "2014.10.21"]
[Round "1"]
[White "Le, Quang Liem"]
[Black "Kaufman, Raymond"]
[Result "1-0"]
[ECO "E36"]
[WhiteElo "2706"]
[BlackElo "2341"]
[PlyCount "61"]
[EventDate "2014.??.??"]
[EventCountry "USA"]
[TimeControl "5400+30"]
[WhiteClock "0:20:50"]
[BlackClock "0:04:49"]

1. d4 e6 2. c4 Nf6 3. Nc3 Bb4 4. Qc2 d5 5. a3 Bxc3+ 6. Qxc3 O-O 7. e3 b6 8.
cxd5 Nxd5 9. Qc2 Bb7 10. Nf3 Nd7 11. Bd3 h6 12. e4 Ne7 13. Be3 c5 14. Rd1 Rc8 15. Qe2 Qc7 16. O-O Ng6 17. Bb1 cxd4 18. Nxd4 Nc5 19. Qg4 Ba6 20. Rfe1 Ne5 21. Qg3 Ned3 22. Qxc7 Rxc7 23. Re2 Ne5 24. Rc2 Rd7 25. b4 Nxe4 26. Rcc1 Nf6 27. Bf4 Nc4 28. b5 Nxa3 29. bxa6 Nxb1 30. Nb5 Nd5 31. Rxb1 1-0

[Event "SPICE Cup 2014"]
[Site "St. Louis"]
[Date "2014.10.21"]
[Round "1"]
[White "Naroditsky, Daniel"]
[Black "Kavutskiy, Kostya"]
[Result "1-0"]
[ECO "C78"]
[WhiteElo "2601"]
[BlackElo "2307"]
[PlyCount "71"]
[EventDate "2014.??.??"]
[EventCountry "USA"]
[TimeControl "5400+30"]
[WhiteClock "0:16:45"]
[BlackClock "0:17:56"]

1. e4 e5 2. Nf3 Nc6 3. Bb5 a6 4. Ba4 Nf6 5. O-O b5 6. Bb3 Bc5 7. c3 d6 8. d4 Bb6 9. Be3 O-O 10. Nbd2 Bb7 11. d5 Ne7 12. Bxb6 cxb6 13. Ne1 Ng6 14. Nd3 Bc8 15. a4 bxa4 16. Bxa4 a5 17. Bc6 Ra7 18. b4 Bd7 19. c4 Qc7 20.
b5 Bc8 21. c5 dxc5 22. Re1 Ne8 23. Qb3 Qd8 24. Nc4 Nd6 25. Ndxe5 Nxe5 26. Nxe5 Re7 27. f4 f5 28. exf5 Rxf5 29. g3 Kh8 30. Re2 Rf8 31. Rae1 Nf5 32. g4 Nh4 33. Qg3 g5 34. fxg5 Rxe5 35. Qxe5+ Kg8 36. d6 1-0

[Event "SPICE Cup 2014"]
[Site "St. Louis"]
[Date "2014.10.21"]
[Round "1"]
[White "Vibbert, Sean"]
[Black "Corrales Jimenez, Fidel"]
[Result "0-1"]
[ECO "B06"]
[WhiteElo "2302"]
[BlackElo "2532"]
[PlyCount "62"]
[EventDate "2014.??.??"]
[EventCountry "USA"]
[TimeControl "5400+30"]
[WhiteClock "0:00:51"]
[BlackClock "0:59:17"]

1. e4 g6 2. Nc3 Bg7 3. Nge2 a6 4. g3 b5 5. Bg2 Bb7 6. O-O c5 7. d3 b4 8. Nd5 e6 9. Ne3 Ne7 10. a3 a5 11. axb4 axb4 12. Rxa8 Bxa8 13. c3 O-O 14. cxb4 cxb4 15. Qa4 Nbc6 16. Nc2 Qb8 17. Bd2 Bxb2 18. Nxb4 Bg7 19. Rb1 Rc8 20. Rb3 Qc7 21. Nxc6 Nxc6 22. Bc3 Ne5 23. Qa1 Bc6 24. f4 Ra8 25.
Ra3 Rxa3 26. Qxa3 Qb6+ 27. Bd4 Qb1+ 28. Qc1 Qxd3 29. Qc3 Qd1+ 30. Kf2 Ng4+ 31. Kf3 Bxe4+ 0-1

[Event "SPICE Cup 2014"]
[Site "St. Louis"]
[Date "2014.10.22"]
[Round "2"]
[White "Banawa, Joel Cholo B"]
[Black "Troff, Kayden W"]
[Result "1/2-1/2"]
[ECO "A48"]
[WhiteElo "2350"]
[BlackElo "2532"]
[PlyCount "67"]
[EventDate "2014.??.??"]
[EventCountry "USA"]
[TimeControl "5400+30"]

1. d4 Nf6 2. Nf3 g6 3. Bf4 Bg7 4. e3 O-O 5. Be2 d6 6. h3 c5 7. c3 cxd4 8. exd4
Nc6 9. O-O Re8 10. Na3 a6 11. Nc2 Qb6 12. Qc1 e5 13. dxe5 dxe5 14. Be3 Qc7 15.
Rd1 Bf5 16. Bg5 h6 17. Bxf6 Bxf6 18. Ne3 Be6 19. Nd2 Bg7 20. Bc4 Bxc4 21. Ndxc4
Ne7 22. Qc2 b5 23. Nd2 f5 24. a4 Kh7 25. Nf3 Rad8 26. axb5 axb5 27. Qb3 f4 28.
Ng4 Nc6 29. Rxd8 Rxd8 30. Re1 b4 31. Qc4 bxc3 32. bxc3 Qd6 33. Qe4 Qd5 34. Qe2
1/2-1/2

[Event "SPICE Cup 2014"]
[Site "St. Louis"]
[Date "2014.10.22"]
[Round "2"]
[White "Kjartansson, Gudmundur"]
[Black "Le, Quang Liem"]
[Result "1/2-1/2"]
[ECO "E17"]
[WhiteElo "2439"]
[BlackElo "2706"]
[PlyCount "86"]
[EventDate "2014.??.??"]
[EventCountry "USA"]
[TimeControl "5400+30"]
[WhiteClock "0:13:00"]
[BlackClock "0:21:49"]

1. d4 Nf6 2. c4 e6 3. Nf3 b6 4. g3 Bb7 5. Bg2 Be7 6. O-O O-O 7. Re1 c5 8. d5 exd5 9. Nh4 Ne4 10. cxd5 Bxh4 11. Bxe4 Bf6 12. Qc2 h6 13. Bf4 d6 14. Nd2 Qe7 15. Nc4 Rd8 16. Rad1 Na6 17. Bg2 Nb4 18. Qb3 b5 19. Na5 Qc7 20. Nxb7 Qxb7 21. a3 Na6 22. e4 c4 23. Qc2 Rac8 24. b4 cxb3 25. Qxb3 Nc5 26. Qe3 Qb6 27. e5 dxe5 28. Bxe5 Bxe5 29. Qxe5 Nb7 30. Rc1 Rc4 31. Bf1 Rc5 32. Rxc5 Nxc5 33. d6 Nd7 34. Qxb5 Qxd6 35. Qa5 Qb6 36. Qxb6 axb6 37. Rd1 Kf8 38. Bb5 Ke7 39. Re1+ Kd6 40. Rd1+ Kc7 41. Re1 Kd6 42. Rd1+ Kc7 43. Re1 Kd6 1/2-1/2

[Event "SPICE Cup 2014"]
[Site "St. Louis"]
[Date "2014.10.22"]
[Round "2"]
[White "Preotu, Razvan"]
[Black "Naroditsky, Daniel"]
[Result "1-0"]
[ECO "C44"]
[WhiteElo "2405"]
[BlackElo "2601"]
[PlyCount "113"]
[EventDate "2014.??.??"]
[EventCountry "USA"]
[TimeControl "5400+30"]
[WhiteClock "0:09:16"]
[BlackClock "0:16:56"]

1. e4 e5 2. Nf3 Nc6 3. d4 exd4 4. Nxd4 Nf6 5. Nc3 Bb4 6. Nxc6 bxc6 7. Bd3 d5 8. exd5 cxd5 9. O-O O-O 10. h3 c6 11. Qf3 Bd6 12. Bf4 Rb8 13.
b3 Rb4 14. Bxd6 Qxd6 15. Qg3 Qxg3 16. fxg3 Be6 17. Na4 Nd7 18.
Rac1 Rc8 19. c3 Rbb8 20. Ba6 Rd8 21. c4 dxc4 22. Bxc4 Bxc4 23. Rxc4 Ne5 24. Rc3 Rd2 25. Rf2 Rbd8 26. Rxd2 Rxd2 27. a3 f6 28. Nc5 Kf7 29. Ne4 Ra2 30. Nd6+ Ke6 31. Nc4 Nxc4 32. Rxc4 Rxa3 33. Rxc6+ Kd7 34. Rc3 a5 35. Rc5 Kd6 36. Rb5 Kc6 37. Rb8 h5 38. Kh2 Ra1 39. Rh8 Rb1 40.
Rxh5 Kb6 41. Rh8 Kb7 42. Rh7 Rxb3 43. Rxg7+ Ka6 44. Rg8 Kb7 45. h4 Rb5 46. Rg7+ Ka6 47. Rg6 Rb6 48. h5 Kb5 49. h6 Rb8 50. Rxf6 a4 51. g4 a3 52. g5 a2 53. Rf1 Kc4 54. Ra1 Kb3 55. g6 Kb2 56. Rxa2+ Kxa2 57. g7 1-0

[Event "SPICE Cup 2014"]
[Site "St. Louis"]
[Date "2014.10.22"]
[Round "2"]
[White "Robson, Ray"]
[Black "Recuero Guerra, David"]
[Result "1-0"]
[ECO "C19"]
[WhiteElo "2628"]
[BlackElo "2424"]
[PlyCount "51"]
[EventDate "2014.??.??"]
[EventCountry "USA"]
[TimeControl "5400+30"]
[WhiteClock "0:12:40"]
[BlackClock "0:00:34"]

1. e4 e6 2. d4 d5 3. Nc3 Bb4 4. e5 c5 5. a3 Bxc3+ 6. bxc3 Ne7 7. a4 Qa5 8.
Qd2 b6 9. Bb5+ Bd7 10. Bd3 Bc8 11. Ba3 Qxa4 12. Qg5 Ng6 13. h4 h6 14. Qg3 O-O 15. Nf3 Qc6 16. dxc5 bxc5 17. Bc1 Kh8 18. h5 Ne7 19. Qh4 Ng8 20. g4 d4 21. g5 Qxf3 22. gxh6 gxh6 23. Rg1 Bb7 24. Bxh6 Nxh6 25. Qg5 Nf5 26. Qf6+ 1-0

[Event "SPICE Cup 2014"]
[Site "St. Louis"]
[Date "2014.10.22"]
[Round "2"]
[White "Sanches, Ruiz"]
[Black "Durabalyi, Vasif"]
[Result "1/2-1/2"]
[ECO "C70"]
[WhiteElo "2429"]
[BlackElo "2624"]
[PlyCount "86"]
[EventDate "2014.??.??"]
[EventCountry "USA"]
[TimeControl "5400+30"]
[WhiteClock "0:38:20"]
[BlackClock "1:01:58"]

1. e4 e5 2. Nf3 Nc6 3. Bb5 a6 4. Ba4 Nge7 5. c3 g6 6. d4 exd4 7. cxd4 b5 8.
Bc2 d5 9. exd5 Nxd5 10. O-O Be6 11. Nc3 Bg7 12. Nxd5 Qxd5 13. Bb3 Qf5 14. Be3 Bxb3 15. Qxb3 O-O 16. Rac1 Na5 17. Qc2 Nc4 18. Qxf5 gxf5 19. b3 Nxe3 20. fxe3 Rfe8 21. Nh4 f4 22. Rxf4 Bh6 23. Rg4+ Kf8 24. Nf5 Bxe3+ 25. Nxe3 Rxe3 26. Rxc7 Rae8 27. Rf4 Re1+ 28.
Rf1 Rxf1+ 29. Kxf1 Rd8 30. Ra7 Rxd4 31. Rxa6 Rd2 32. Rb6 Rxa2 33. Rxb5 Rb2 34. Kg1 h6 35. Rb4 h5 36. h4 Kg7 37. Kh2 Kg6 38.
Rb8 f6 39. b4 Kf5 40. b5 Rb4 41. Kh3 Rb3+ 42. g3 Rb2 43. b6 Ke5 1/2-1/2

[Event "SPICE Cup 2014"]
[Site "St. Louis"]
[Date "2014.10.23"]
[Round "3"]
[White "Corrales Jimenez, Fidel"]
[Black "Kjartansson, Gudmundur"]
[Result "1/2-1/2"]
[ECO "D30"]
[WhiteElo "2532"]
[BlackElo "2439"]
[PlyCount "54"]
[EventDate "2014.??.??"]
[EventCountry "USA"]
[TimeControl "5400+30"]
[WhiteClock "1:20:22"]
[BlackClock "0:29:32"]

1. d4 d5 2. c4 e6 3. cxd5 exd5 4. Nc3 c6 5. Nf3 Nf6 6. Bg5 Be7 7. e3 Bf5 8.
Bxf6 Bxf6 9. Bd3 Bxd3 10. Qxd3 Nd7 11. O-O Be7 12. Qc2 O-O 13. Rab1 a5 14. a3 b5 15. a4 b4 16. Ne2 Rc8 17. Rfd1 Bd6 18.
b3 Re8 19. Rbc1 Re6 20. Qd3 Nb8 21. Ng3 Bxg3 22. hxg3 Nd7 23. Qf5 g6 24. Qf4 Kg7 25. Rc2 Re4 26. Qd6 Re6 27. Qf4 Re4 1/2-1/2

[Event "SPICE Cup 2014"]
[Site "St. Louis"]
[Date "2014.10.23"]
[Round "3"]
[White "Durabalyi, Vasif"]
[Black "Reinaldo, Vera"]
[Result "1-0"]
[ECO "B82"]
[WhiteElo "2624"]
[BlackElo "2449"]
[PlyCount "93"]
[EventDate "2014.??.??"]
[EventCountry "USA"]
[TimeControl "5400+30"]
[WhiteClock "0:59:37"]
[BlackClock "0:01:43"]

1. e4 c5 2. Nf3 d6 3. d4 cxd4 4. Nxd4 Nf6 5. Nc3 e6 6. f4 a6 7. Qf3 Qb6 8.
Nb3 Qc7 9. Bd3 b5 10. Be3 Bb7 11. g4 b4 12. Ne2 d5 13. Ng3 Nbd7 14. g5 dxe4 15. Nxe4 Nd5 16. Bd2 g6 17. O-O-O Bg7 18. h4 a5 19. Bb5 Bc6 20.
Bxc6 Qxc6 21. f5 Rc8 22. c3 gxf5 23. Nf6+ Bxf6 24. gxf6 bxc3 25.
bxc3 Nxc3 26. Qxc6 Rxc6 27. Nxa5 Rc8 28. Bxc3 Rxc3+ 29. Kb2 Rc8 30. a4 Nxf6 31. Nb3 Rg8 32. a5 Rg3 33. Rc1 Rb8 34. Rc3 Rxc3 35.
Kxc3 Nd5+ 36. Kb2 f4 37. a6 f3 38. Rf1 Ra8 39. Nc5 Nb4 40. Rxf3 Nxa6 41. Ne4 Ke7 42. Nf6 Nc5 43. Nxh7 Rh8 44. Ng5 f6 45. Nh3 e5 46. Kc2 Rxh4 47. Kd1 1-0

[Event "SPICE Cup 2014"]
[Site "St. Louis"]
[Date "2014.10.23"]
[Round "3"]
[White "Leon Hoyos, Manuel"]
[Black "Robson, Ray"]
[Result "0-1"]
[ECO "B53"]
[WhiteElo "2512"]
[BlackElo "2628"]
[PlyCount "84"]
[EventDate "2014.??.??"]
[EventCountry "USA"]
[TimeControl "5400+30"]
[WhiteClock "0:01:18"]
[BlackClock "0:02:30"]

1. e4 c5 2. Nf3 d6 3. d4 cxd4 4. Qxd4 Nc6 5. Bb5 Bd7 6. Qd3 g6 7. c4 Bg7 8. Nc3 Nf6 9. O-O O-O 10. h3 a6 11. Bxc6 Bxc6 12. Nd4 Rc8 13.
Bd2 Qb6 14. Nb3 Nd7 15. Qe2 Nc5 16. Nxc5 dxc5 17. b3 Qc7 18.
Rae1 e6 19. e5 Qe7 20. Bf4 Rcd8 21. Qe3 f6 22. Rd1 Rxd1 23. Rxd1 g5 24. Bg3 f5 25. f4 gxf4 26. Bxf4 Rd8 27. Rxd8+ Qxd8 28. Kf2 Kf7 29. Ne2 b6 30. Bg5 Qb8 31. Bf6 Bxf6 32. exf6 Qg8 33. Nf4 Kxf6 34. Qd3 Qf8 35. Nh5+ Kg5 36. Nf4 Kf6 37. Nh5+ Ke7 38. Qg3 Qh6 39. Qc7+ Bd7 40. Nf4 Qf6 41. Qxb6 Qd4+ 42. Kf3 Qe4+ 0-1

[Event "SPICE Cup 2014"]
[Site "St. Louis"]
[Date "2014.10.23"]
[Round "3"]
[White "Kiewra, Keaton F"]
[Black "Chandra, Akshat"]
[Result "1/2-1/2"]
[ECO "A45"]
[WhiteElo "2391"]
[BlackElo "2488"]
[PlyCount "102"]
[EventDate "2014.??.??"]
[EventCountry "USA"]
[TimeControl "5400+30"]

1. d4 Nf6 2. Bg5 d5 3. Bxf6 exf6 4. e3 Bd6 5. c4 dxc4 6. Bxc4 O-O 7. Nc3 f5 8.
Qc2 Nd7 9. Nge2 Nf6 10. h3 Qe7 11. Bd3 g6 12. O-O-O b6 13. Rhg1 Bb7 14. g4 Bh2
15. Rgf1 Bg2 16. gxf5 Bxf1 17. Rxf1 c5 18. fxg6 fxg6 19. dxc5 bxc5 20. Ne4 Nxe4
21. Bxe4 Rae8 22. Nc3 Be5 23. Bd5+ Kh8 24. f4 Bg7 25. Rf3 Rb8 26. Bc4 Qh4 27.
Qf2 Qf6 28. e4 Qd4 29. Qxd4 Bxd4 30. Kc2 Rf6 31. Bd3 Bxc3 32. Kxc3 Rbf8 33. f5
gxf5 34. exf5 Kg7 35. Rg3+ Kh6 36. Rg4 Rd8 37. Rh4+ Kg7 38. Rg4+ Kf8 39. Bc4
Rxf5 40. Rg8+ Ke7 41. Rg7+ Kf6 42. Rxh7 Rf3+ 43. Kc2 Rf2+ 44. Kc3 Rdd2 45. Bb3
Rxb2 46. Rxa7 Rbe2 47. Kc4 Rf5 48. Kb5 Rh5 49. Rf7+ Kg6 50. Rf3 Rhe5 51. Rc3
R2e3 1/2-1/2

[Event "SPICE Cup 2014"]
[Site "St. Louis"]
[Date "2014.10.23"]
[Round "3"]
[White "Le, Quang Liem"]
[Black "Preotu, Razvan"]
[Result "1/2-1/2"]
[ECO "A81"]
[WhiteElo "2706"]
[BlackElo "2405"]
[PlyCount "189"]
[EventDate "2014.??.??"]
[EventCountry "USA"]
[TimeControl "5400+30"]
[WhiteClock "0:02:30"]
[BlackClock "0:02:38"]

1. d4 f5 2. g3 Nf6 3. Bg2 g6 4. Nf3 Bg7 5. O-O O-O 6. b3 Ne4 7. Bb2 c5 8. c4 Nc6 9. e3 e6 10. Nc3 b6 11. Qe2 Bb7 12. Rfd1 Qe7 13. Rac1 d6 14. Qe1 Nxc3 15. Bxc3 e5 16. d5 Nd8 17. Nd2 e4 18. f3 Bxc3 19. Rxc3 Qf6 20. Rc2 exf3 21. Nxf3 Nf7 22. Qc3 Qxc3 23. Rxc3 Rae8 24. Re1 Bc8 25. Kf2 Ne5 26. Nxe5 Rxe5 27. Rb1 Re7 28. Bf3 Kg7 29. b4 cxb4 30.
Rxb4 Rc7 31. Ke2 Kf6 32. Kd2 Ke5 33. Be2 Rc5 34. Ra3 Rf7 35. Bd3 g5 36. Rb1 Rcc7 37. Rf1 h5 38. Rb3 h4 39. Rbb1 Rf6 40. gxh4 g4 41. h3 gxh3 42.
Rf3 Rg7 43. Rxh3 Rg2+ 44. Kc3 Rxa2 45. Rg1 Rf8 46. Kb3 Rd2 47. Kc3 Ra2 48. h5 Ra3+ 49. Kd2 f4 50. Rg5+ Kf6 51. Rg6+ Ke7 52.
Rf3 Rxd3+ 53. Kxd3 Bf5+ 54. Kd4 Bxg6 55. hxg6 Rg8 56. exf4 Rxg6 57. Ra3 a5 58. Rb3 Rg4 59. Ke4 Rg1 60. Rxb6 Rc1 61. Rb7+ Kd8 62. Kd3 Rd1+ 63. Kc2 Rd4 64. Kb3 Rxf4 65. Ra7 Rf1 66. Rxa5 Kc7 67. Ra8 Rb1+ 68. Kc2 Rh1 69. Ra6 Rh3 70. Rc6+ Kd7 71. Rb6 Kc7 72. Rb3 Rh2+ 73. Kc3 Rh3+ 74. Kb4 Rh1 75. Rg3 Rb1+ 76. Kc3 Rc1+ 77. Kd4 Rd1+ 78. Ke4 Rc1 79. Rg7+ Kd8 80. Kd3 Kc8 81. Ra7 Kd8 82. Rh7 Kc8 83. Rf7 Kd8 84. Ke4 Rxc4+ 85. Kf5 Ke8 86. Rh7 Kd8 87. Ke6 Rg4 88. Rf7 Rg1 89. Rd7+ Ke8 90. Kxd6 Ra1 91. Rb7 Ra6+ 92. Ke5 Kd8 93. Rh7 Rb6 94. d6 Rb1 95. Ke4 1/2-1/2

[Event "SPICE Cup 2014"]
[Site "St. Louis"]
[Date "2014.10.23"]
[Round "3"]
[White "Troff, Kayden W"]
[Black "Sanches, Ruiz"]
[Result "1-0"]
[ECO "D11"]
[WhiteElo "2532"]
[BlackElo "2429"]
[PlyCount "135"]
[EventDate "2014.??.??"]
[EventCountry "USA"]
[TimeControl "5400+30"]
[WhiteClock "0:01:39"]
[BlackClock "0:08:03"]

1. d4 d5 2. c4 c6 3. Nf3 Nf6 4. e3 e6 5. Bd3 dxc4 6. Bxc4 Nbd7 7. O-O Bd6 8.
b3 O-O 9. Bb2 Qe7 10. Ne5 c5 11. Nd2 cxd4 12. exd4 Ba3 13. Bxa3 Qxa3 14. Bd3 Nb6 15. Ne4 Qe7 16. Nxf6+ Qxf6 17. Rc1 Nd5 18. Be4 Qd8 19. Qf3 Nf6 20. Rfd1 Nxe4 21. Qxe4 Rb8 22. Rd3 Bd7 23. Rdc3 Bc6 24. Nxc6 bxc6 25. Rxc6 Rb4 26. R6c4 Rb5 27. g3 Rd5 28. Ra4 Qb6 29. Qf4 Rd7 30. Rcc4 Rb8 31. Ra6 Qd8 32. Rac6 g5 33. Qe5 h6 34. Qc5 Qf6 35. Qe5 Qxe5 36. dxe5 Rd2 37. Rc2 Rxc2 38. Rxc2 Rb5 39. f4 a5 40. Kf2 a4 41. bxa4 Rb4 42. fxg5 hxg5 43. Ke3 Rxa4 44. Kd3 Kg7 45. Kc3 Re4 46. a3 Rxe5 47. Ra2 Ra5 48. a4 f5 49. Kb4 Ra8 50.
a5 f4 51. gxf4 gxf4 52. Kc4 Kf6 53. a6 Kf5 54. Kd3 e5 55. Ra5 Kg4 56. Ke4 f3 57. Ke3 e4 58. a7 Kh4 59. Kf2 Kg4 60. Ra4 Kh3 61. Ra6 Kg4 62.
Ra5 Kh4 63. Ra1 Kg4 64. Ra6 Kh4 65. Ke3 Kh3 66. Ra2 Kg4 67. Ra4 Kh3 68. Kf2 1-0

[Event "SPICE Cup 2014"]
[Site "St. Louis"]
[Date "2014.10.23"]
[Round "4"]
[White "Banawa, Joel Cholo B"]
[Black "Corrales Jimenez, Fidel"]
[Result "0-1"]
[ECO "A40"]
[WhiteElo "2350"]
[BlackElo "2532"]
[PlyCount "122"]
[EventDate "2014.??.??"]
[EventCountry "USA"]
[TimeControl "5400+30"]
[WhiteClock "0:25:27"]
[BlackClock "0:37:22"]

1. d4 g6 2. Nf3 Bg7 3. Bf4 d6 4. e3 Nd7 5. h3 e5 6. Bh2 Ne7 7. Be2 O-O 8. O-O
Nf5 9. c3 Qe7 10. a4 a5 11. Na3 c6 12. e4 Nh4 13. Nc4 Nxf3+ 14. Bxf3 Rd8 15. Re1 Nf8 16. dxe5 dxe5 17. Qe2 h5 18. Qe3 Kh7 19. Red1 Rxd1+ 20. Rxd1 Be6 21. Be2 Nd7 22. Ra1 f6 23. Qd3 Nc5 24. Qc2 Bh6 25. f3 Rd8 26. Rd1 Rxd1+ 27. Qxd1 Bxc4 28. Bxc4 Nxe4 29. fxe4 Qc5+ 30. Kh1 Qxc4 31. Qd7+ Bg7 32. Qxb7 Qxa4 33. b4 axb4 34. cxb4 Qb5 35. Qa8 Bh6 36. Qa7+ Bg7 37. Qa8 Qc4 38. Bg1 g5 39. Qe8 Kh6 40. Qa8 h4 41. Qb7 Bf8 42. Qc8 Bxb4 43. Qh8+ Kg6 44. Qe8+ Kg7 45. Qd7+ Kf8 46. Qd8+ Kf7 47. Qd7+ Be7 48. Qf5 c5 49.
Qh7+ Ke8 50. Qh8+ Kd7 51. Qa8 Qb5 52. Qa7+ Ke6 53. Qa8 c4 54.
Qc8+ Kf7 55. Qc7 Qb4 56. Kh2 c3 57. Qc6 Qb3 58. Qc7 c2 59. Bf2 Qd3 60. Qc6 Qd2 61. Qc4+ Kg7 0-1

[Event "SPICE Cup 2014"]
[Site "St. Louis"]
[Date "2014.10.23"]
[Round "4"]
[White "Kjartansson, Gudmundur"]
[Black "Naroditsky, Daniel"]
[Result "0-1"]
[ECO "E06"]
[WhiteElo "2439"]
[BlackElo "2601"]
[PlyCount "114"]
[EventDate "2014.??.??"]
[EventCountry "USA"]
[TimeControl "5400+30"]
[WhiteClock "0:00:49"]
[BlackClock "0:06:34"]

1. d4 Nf6 2. c4 e6 3. Nf3 d5 4. g3 Be7 5. Bg2 O-O 6. O-O dxc4 7. Ne5 Nc6 8.
Bxc6 bxc6 9. Nxc6 Qe8 10. Nxe7+ Qxe7 11. Na3 Rd8 12. Qc2 Rxd4 13. Nxc4 Qc5 14. b3 Rd8 15. Ba3 Qh5 16. f3 Ba6 17. Rad1 h6 18.
Kg2 Nd5 19. Rd3 Nb6 20. Rxd8+ Rxd8 21. Ne3 Qa5 22. Bc1 Nd5 23.
Nxd5 exd5 24. Rd1 c5 25. Qd2 Qb5 26. e3 Re8 27. Re1 Bb7 28. Bb2 Qc6 29. Rf1 f6 30. Rf2 Qe6 31. Ba3 Rc8 32. b4 d4 33. e4 Qa6 34. Bb2 d3 35.
e5 fxe5 36. Qc3 Qd6 37. bxc5 Rxc5 38. Qb3+ Qd5 39. Qxd5+ Rxd5 40.
Rd2 e4 41. fxe4 Rf5 42. Bd4 Bxe4+ 43. Kg1 a6 44. Rb2 Bc6 45. Be3 Ra5 46. Bd2 Re5 47. Rb8+ Kf7 48. Rd8 Re2 49. Rxd3 Rg2+ 50. Kf1 Rxh2 51. Rd6 Bb5+ 52. Kg1 Re2 53. a3 Ke7 54. Bb4 a5 55. Bc5 Rc2 56. Rd5+ Ke6 57. Rh5 Be8 0-1

[Event "SPICE Cup 2014"]
[Site "St. Louis"]
[Date "2014.10.23"]
[Round "4"]
[White "Nyzhnyk, Illya"]
[Black "Sevian, Samuel"]
[Result "1/2-1/2"]
[ECO "D44"]
[WhiteElo "2613"]
[BlackElo "2484"]
[PlyCount "81"]
[EventDate "2014.??.??"]
[EventCountry "USA"]
[TimeControl "5400+30"]
[WhiteClock "0:17:37"]
[BlackClock "0:34:11"]

1. d4 d5 2. c4 e6 3. Nf3 Nf6 4. Nc3 c6 5. Bg5 dxc4 6. e4 b5 7. e5 h6 8. Bh4 g5 9. Nxg5 hxg5 10. Bxg5 Nbd7 11. exf6 Bb7 12. g3 c5 13. d5 Qb6 14. Bg2 O-O-O 15. O-O b4 16. Rb1 Qa6 17. dxe6 Bxg2 18. e7 Bxf1 19. Kxf1 Bxe7 20. fxe7 Rdg8 21. Ne4 c3+ 22. Kg1 Rxg5 23. Nxg5 Qg6 24. bxc3 Qxg5 25. Qe2 Qe5 26. Qa6+ Kb8 27. Qb5+ Kc7 28. cxb4 Qxe7 29. Qa5+ Kb7 30. bxc5+ Ka8 31. Qc3 Qf6 32. Qxf6 Nxf6 33. c6 Ng4 34. Rb7 Nxh2 35. Rxf7 Ng4 36. Rf5 Rc8 37. f3 Nh6 38. Rf6 Ng8 39. Rf7 Kb8 40.
Rb7+ Ka8 41. Rf7 1/2-1/2

[Event "SPICE Cup 2014"]
[Site "St. Louis"]
[Date "2014.10.23"]
[Round "4"]
[White "Preotu, Razvan"]
[Black "Troff, Kayden W"]
[Result "0-1"]
[ECO "B90"]
[WhiteElo "2405"]
[BlackElo "2532"]
[PlyCount "112"]
[EventDate "2014.??.??"]
[EventCountry "USA"]
[TimeControl "5400+30"]
[WhiteClock "0:01:31"]
[BlackClock "0:04:54"]

1. e4 c5 2. Nf3 d6 3. d4 cxd4 4. Nxd4 Nf6 5. Nc3 a6 6. Be3 e5 7. Nb3 Be7 8.
f3 Be6 9. Qd2 O-O 10. O-O-O Nbd7 11. g4 b5 12. g5 b4 13. Ne2 Ne8 14. f4 a5 15. Kb1 a4 16. Nbc1 Nb6 17. Ng3 exf4 18. Bxf4 d5 19. Nf5 dxe4 20. Qe2 Nd5 21. Qxe4 Bxf5 22. Qxf5 Ra5 23. Qg4 Qb6 24. Bc4 Nxf4 25. Qxf4 Bxg5 26. Qd4 Qc7 27. Rhe1 Bf6 28. Qd7 Qxc4 29. Rxe8 g6 30. Rde1 Rxe8 31. Rxe8+ Kg7 32. Qd6 h5 33. Qf8+ Kh7 34. Rc8 Qd5 35. Rc7 Bg7 36. Rxf7 Qd4 37. Rxg7+ Qxg7 38. Qxb4 Qa7 39. a3 Rg5 40. Nd3 Rg4 41. Qf8 Rg1+ 42. Ka2 Qg7 43. Qb4 Rg4 44. Qc5 Qf7+ 45. Kb1 Rg2 46. Ne5 Rg5 47. Nxf7 Rxc5 48. Nd6 g5 49. c4 g4 50. Kc2 Rc6 51. Ne4 Rxc4+ 52. Kd3 Rc1 53. Ke3 Rh1 54. Kf4 Rxh2 55.
Kg5 Kg7 56. Nd6 Kf8 0-1

[Event "SPICE Cup 2014"]
[Site "St. Louis"]
[Date "2014.10.23"]
[Round "4"]
[White "Recuero Guerra, David"]
[Black "Le, Quang Liem"]
[Result "0-1"]
[ECO "D70"]
[WhiteElo "2424"]
[BlackElo "2706"]
[PlyCount "66"]
[EventDate "2014.??.??"]
[EventCountry "USA"]
[TimeControl "5400+30"]
[WhiteClock "0:00:33"]
[BlackClock "0:14:06"]

1. d4 Nf6 2. c4 g6 3. f3 d5 4. cxd5 Nxd5 5. e4 Nb6 6. Nc3 Bg7 7. Be3 O-O 8. Qd2 e5 9. d5 c6 10. h4 cxd5 11. exd5 N8d7 12. h5 Nf6 13. hxg6 fxg6 14. O-O-O Bd7 15. Kb1 Rc8 16. Ka1 e4 17. Bd4 exf3 18. Nxf3 Bg4 19. Be2 Nc4 20. Bxc4 Rxc4 21. Rde1 Bxf3 22. gxf3 b5 23. Qd3 Qd7 24. Be5 a6 25. d6 Qf7 26. Bd4 Rd8 27. Bb6 Rd7 28.
Ne4 Nxe4 29. fxe4 Be5 30. Rhf1 Rxd6 31. Rxf7 Rxd3 32. Rb7 Rd2 33. Re7 Bxb2+ 0-1

[Event "SPICE Cup 2014"]
[Site "St. Louis"]
[Date "2014.10.23"]
[Round "4"]
[White "Robson, Ray"]
[Black "Durabalyi, Vasif"]
[Result "1/2-1/2"]
[ECO "C67"]
[WhiteElo "2628"]
[BlackElo "2624"]
[PlyCount "71"]
[EventDate "2014.??.??"]
[EventCountry "USA"]
[TimeControl "5400+30"]
[WhiteClock "0:00:57"]
[BlackClock "0:36:22"]

1. e4 e5 2. Nf3 Nc6 3. Bb5 Nf6 4. O-O Nxe4 5. d4 Nd6 6. Bxc6 dxc6 7. dxe5 Nf5 8. Qxd8+ Kxd8 9. h3 Bd7 10. Rd1 Kc8 11. g4 Ne7 12. Ng5 Be8 13.
f4 h6 14. Nf3 h5 15. f5 hxg4 16. hxg4 c5 17. Kf2 b6 18. Bf4 Kb7 19. Nc3 Nc6 20. Ne4 Rd8 21. c3 Be7 22. Rh1 Rg8 23. Rh7 Na5 24. f6 Bf8 25.
Rah1 Bd7 26. Rh8 Rxh8 27. Rxh8 gxf6 28. exf6 Bxg4 29. Ne5 Be6 30. Ng5 Bxa2 31. Nh7 Bh6 32. Rxd8 Bxf4 33. Re8 Nc6 34. Nd3 Bh6 35. Re4 c4 36. Ne5 1/2-1/2